Unix NetHack Version 5.0.0-0 post-release - last build May 31 2026 23:59:36 (970b52f25bf058293b47ddfd14a1e40e571c508c,branch:main).

Game began 2026-06-09 01:06:41, ended 2026-06-09 02:36:12.

Kwijibo4686, neutral female human Valkyrie

                               -------     -------
                               |>.|..|   --|$...$|
                               |.....|   |.+...$$|
                              ---.--.|   |-|.....|--
                           ----....|.--  |.+$$.%.%.|
                           |...@r..|..-- |-|$....|.|
                           |....---|...| |.+.$.`$|.|
                           |@...|..|%..| --|$$..$|.|
                           |@@.....|...|   ------|.|
                          --....|...`.`--        |.|
                          |.....|..|..`.|        |.|
                          |%....|--|...%|        |[|
                          |..|.--  --...|        |.|
                          ----@|    -----        |)|
                            |..-------------------.|
                            |..^...................|
                            ------------------------

Kwijibo4686 the Woman-at-arms  St:17 Dx:16 Co:18 In:8 Wi:9 Ch:9  Neutral
Dlvl:5  $:716 HP:0(96) Pw:29(29) AC:-3 Xp:10 T:11290  Burdened

Latest messages:
 The xan pricks through your right boot!
 You rebalance your load.  Movement is difficult.
 The xan misses!
 You swap places with the peaceful pony.
 You hit the dwarf mummy!
 The dwarf mummy just misses!
 The dwarf mummy misses!
 You hit the dwarf mummy!
 The dwarf mummy hits!
 The dwarf mummy hits!
 You destroy the dwarf mummy!
 Your leg feels better.
 Your movements are only slowed slightly by your load.
 You have a little trouble lifting G - a mummy wrapping.
 You hear a slurping sound.
 You hear a door open.
 You hear a slurping sound.
 You hear a slurping sound.
 You hear a slurping sound.
 You hear a slurping sound.
 You hear a slurping sound.
 You hear several slurping sounds.
 Click!  You trigger a rolling boulder trap!
 No boulder was released.
 You hear a door open.
 The Grey-elf shoots 3 elven arrows!
 The 1st elven arrow misses you.
 You are hit by the 2nd elven arrow.
 You are hit by the 3rd elven arrow.
 The Grey-elf wields an elven short sword!
 The Grey-elf wields an elven broadsword!
 The Grey-elf thrusts his elven short sword.
 The Grey-elf misses!
 The Grey-elf wields an elven broadsword!
 The Grey-elf wields an elven bow!
 The Grey-elf shoots 3 elven arrows!
 You are hit by the 1st elven arrow!
 The Grey-elf misfires!
 The 2nd elven arrow misses you.
 The 3rd elven arrow misses you.
 The Grey-elf swings her elven broadsword.
 The Grey-elf misses!
 The Grey-elf picks up 3 elven arrows.
 The Grey-elf picks up an elven arrow.
 The Grey-elf swings her elven broadsword.
 The Grey-elf hits!
 The Grey-elf swings his elven broadsword.
 The Grey-elf hits!
 You die...
 Do you want your possessions identified? [ynq] (y) q

Inventory:
 Coins    ('$')
  $ - 716 gold pieces
 Amulets  ('"')
  b - an uncursed amulet of reflection
 Weapons  (')')
  o - a +0 orcish dagger
  a - a +1 spear (weapon in right hand)
 Armor    ('[')
  w - an uncursed +0 dwarvish iron helm (being worn)
  p - an uncursed burnt +0 pair of leather gloves (being worn)
  O - an uncursed +0 pair of iron shoes (being worn)
  c - an uncursed +3 small shield (being worn)
  G - an uncursed +0 mummy wrapping
  h - an uncursed rusty +0 banded mail (being worn)
 Comestibles  ('%')
  Q - 2 uncursed slime molds
  d - 9 uncursed food rations
  U - an uncursed fortune cookie
  D - 4 uncursed tripe rations
  v - an uncursed lizard corpse
 Scrolls  ('?')
  N - an uncursed scroll of confuse monster
  R - an uncursed scroll of create monster
  z - a cursed scroll of create monster
  u - 2 uncursed scrolls of earth
  q - a blessed scroll of magic mapping
  j - an uncursed scroll of scare monster
 Spellbooks  ('+')
  g - an uncursed spellbook of levitation
 Potions  ('!')
  P - an uncursed potion of fruit juice
  e - an uncursed potion of full healing
  M - 2 blessed potions of healing
  T - 3 uncursed potions of healing
  E - an uncursed potion of invisibility
  l - an uncursed potion of monster detection
  X - a blessed potion of object detection
  s - an uncursed potion of object detection
  Z - a blessed potion of oil (lit)
  S - an uncursed potion of speed
 Rings    ('=')
  t - a blessed +1 ring of gain strength
  y - an uncursed +1 ring of gain strength
  B - an uncursed ring of invisibility
 Wands    ('/')
  F - a wand of digging (0:5)
  f - a wand of digging (0:4)
  m - a wand of magic missile (0:0)
  x - a wand of make invisible (0:7)
  r - a wand of striking (0:6)
 Tools    ('(')
  C - an uncursed blindfold
  L - an uncursed lock pick
  V - a +0 pick-axe
  Y - an uncursed skeleton key
  H - an uncursed towel
  W - a +0 unicorn horn
 Gems/Stones  ('*')
  n - an uncursed flint stone
  A - an uncursed luckstone

Kwijibo4686 the Valkyrie's attributes:

Background:
 You were a Woman-at-arms, a level 10 human Valkyrie.
 You were neutral, on a mission for Odin
 who was opposed by Tyr (lawful) and Loki (chaotic).
 You were right-handed.
 You were in Sokoban, on level 5.
 You entered the dungeon 11290 turns ago.
 It was nighttime.
 You had 5595 experience points, 4405 more were needed to attain level 11.

Basics:
 You had 0 out of 96 hit points.
 You had all 29 energy points (spell power).
 Your armor class was -3.
 Your wallet contained 716 zorkmids.
 Autopickup was on for '$?!/="' plus thrown.

Final Characteristics:
 Your strength was 17 (limit:18/100).
 Your dexterity was 16 (peak:18, limit:18).
 Your constitution was 18 (limit:18).
 Your intelligence was 8 (limit:18).
 Your wisdom was 9 (limit:18).
 Your charisma was 9 (limit:18).

Final Status:
 You weren't hungry.
 You were burdened; movement was slightly slowed.
 You were wielding a spear.
 You had expert skill with spear.

Final Attributes:
 You were piously aligned.
 You were cold resistant.
 You were poison resistant.
 You were telepathic.
 You were stealthy.
 You were warded.
 Your spell casting was impaired by metallic armor.
 You were fast.
 You were lucky.
 You had extra luck.
 Bad luck did not time out for you.
 Good luck did not time out for you.
 You are dead.

Miscellaneous:
 You didn't encounter any bones levels.
 Total elapsed playing time was 1 hour, 29 minutes and 30 seconds.

Major events:
 Turn
    1: Kwijibo4686 the neutral human Valkyrie entered the dungeon
 1001: attained the rank of Skirmisher (level 3)
 1040: entered the Gnomish Mines
 2934: reached Mine Town
 2945: attained the rank of Fighter (level 6)
 5372: acquired the Mines' End luckstone
 9089: entered Sokoban
10020: completed 2nd Sokoban level
10338: completed 3rd Sokoban level
10908: attained the rank of Woman-at-arms (level 10)
11133: completed 4th Sokoban level
11290: killed by a Grey-elf

Spells:
 Name                 Level Category     Fail Retention
 protection             1   clerical     100%  76%-100%

Skills:
 Fighting Skills
   bare handed combat [Basic]
   two weapon combat  [Unskilled]
   riding             [Unskilled]
 Weapon Skills
   dagger             [Basic]
   axe                [Unskilled]
   pick-axe           [Unskilled]
   short sword        [Unskilled]
   broadsword         [Unskilled]
   long sword         [Unskilled]
   two-handed sword   [Unskilled]
   saber              [Unskilled]
   hammer             [Unskilled]
   quarterstaff       [Unskilled]
   polearms           [Unskilled]
   spear              [Expert]
   trident            [Unskilled]
   lance              [Unskilled]
   sling              [Unskilled]
 Spellcasting Skills
   attack spells      [Unskilled]
   escape spells      [Unskilled]

Voluntary challenges:
 Character rerolling was not enabled.
 You never genocided any monsters.
 You never polymorphed an object.
 You never changed form.
 You used no wishes.
 You did not violate any of the special Sokoban rules.
Achievements:
 You entered a shop.
 You attained the rank of Skirmisher.
 You entered the Gnomish Mines.
 You entered Minetown.
 You attained the rank of Fighter.
 You entered a temple.
 You completed the Gnomish Mines.
 You entered Sokoban.
 You attained the rank of Woman-at-arms.

 The Dungeons of Doom: levels 1 to 9
    Level 1:
       An altar, a fountain.
    Level 2:
       A food shop, a fountain.
       Stairs down to The Gnomish Mines.
    Level 3:
       A fountain.
    Level 4:
       A fountain.
    Level 5:
       A fountain.
    Level 6:
       An altar, a sink.
    Level 7:
       Many fountains.
    Level 8:
       Many fountains.
    Level 9:
       A temple and an altar, a fountain.
       Stairs up to Sokoban, level 8.
 The Gnomish Mines: levels 3 to 10
    Level 3:
    Level 4:
    Level 5:
       A lighting shop, a temple and an altar, some fountains, a sink.
    Level 6:
    Level 7:
    Level 8:
    Level 9:
    Level 10:
 Sokoban: levels 8 up to 5
    Level 5: <- You were here.
       Solved.
       Final resting place for
          you, killed by a Grey-elf.
    Level 6:
       Solved.
    Level 7:
       Solved.
    Level 8:
       Unsolved.


Vanquished creatures:
  2 giant mimics
  4 large mimics
  a stalker
  3 wargs
 16 small mimics
  a warhorse
  a xan
 an ettin mummy
  a gargoyle
 an energy vortex
 an elf mummy
  a cobra
  a carnivorous ape
 an ettin zombie
  4 Grey-elves
  3 watchmen
  a chameleon
  a crocodile
  a quivering blob
  a cockatrice
  a wolf
  a panther
  a leprechaun
 an iron piercer
  a giant spider
  2 scorpions
  a black light
  a forest centaur
  4 gnome rulers
  a dwarf mummy
  2 brown puddings
  a yeti
  a gold golem
  a lizard
  a jaguar
  a dwarf leader
  3 blue jellies
  a white unicorn
  a black unicorn
  2 dust vortices
  a snake
  2 apes
  a rope golem
  2 bugbears
  a wood nymph
  a water nymph
  6 Mordor orcs
 an orc shaman
  2 rock piercers
  a rock mole
  a pony
  2 fog clouds
  3 yellow lights
 15 gnome leaders
  6 gnomish wizards
  2 straw golems
  a paper golem
 14 giant ants
  3 floating eyes
  a kitten
 20 dwarves
  2 homunculi
  a kobold leader
 25 hill orcs
  4 rothes
  4 rabid rats
  3 giant bats
  a monkey
  a dwarf zombie
  a werejackal
  4 iguanas
  4 killer bees
  2 acid blobs
  5 coyotes
  5 hobbits
  3 large kobolds
  3 hobgoblins
  5 giant rats
  a cave spider
  3 brown molds
  3 yellow molds
 61 gnomes
  2 geckos
  7 jackals
  2 foxes
  3 goblins
  9 sewer rats
 10 grid bugs
  4 lichens
  a kobold zombie
  7 newts
346 creatures vanquished.

No species were genocided or became extinct.

Game over:
                       ----------
                      /          \
                     /    REST    \
                    /      IN      \
                   /     PEACE      \
                  /                  \
                  |   Kwijibo4686    |
                  |      716 Au      |
                  |   killed by a    |
                  |     Grey-elf     |
                  |                  |
                  |                  |
                  |       2026       |
                 *|     *  *  *      | *
        _________)/\\_//(\/(/\)/\//\/|_)_______

Farvel Kwijibo4686 the Valkyrie...

You died in Sokoban on dungeon level 5 with 23505 points,
and 716 pieces of gold, after 11290 moves.
You were level 10 with a maximum of 96 hit points when you died.

